 Dungeon Crawl Stone Soup version 0.31-a0-1267-gfedaa18580 (webtiles) character file.

Game seed: 17410751839260915144

30 skwerlee the Chopper (level 3, -1/29 HPs)
             Began as a Human Berserker on Dec 17, 2023.
             Was a Follower of Trog.
             Succumbed to a kobold's poison
             ... on level 1 of the Dungeon.
             The game lasted 00:01:12 (987 turns).

skwerlee the Chopper (Human Berserker)               Turns: 987, Time: 00:01:13

Health: -1/29      AC:  2    Str: 17    XL:     3   Next: 20%
Magic:  3/3        EV: 12    Int:  7    God:    Trog [*.....]
Gold:   40         SH:  0    Dex: 14    Spells: 2/2 levels left

rFire   . . .        a - +0 hand axe
rCold   . . .        (no shield)
rNeg    . . .        b - +0 animal skin
rPois   .            (no helmet)
rElec   .            (no cloak)
rCorr   .            (no gloves)
SInv    .            (no boots)
Will    .....        (no amulet)
Stlth   +            (no ring)
HPRegen 0.24/turn    (no ring)
MPRegen 0.08/turn

%: no passive effects
@: lethally poisoned (-1 -> -19)
A: explore regen
a: Renounce Religion, Berserk


You were on level 1 of the Dungeon.
You worshipped Trog.
Trog was aware of your devotion.
You visited 1 branch of the dungeon, and saw 1 of its levels.

You collected 64 gold pieces.
You spent 24 gold pieces at shops.

Inventory:

Hand Weapons
 a - a +0 hand axe (weapon)
Armour
 b - a +0 animal skin (worn)
Jewellery
 e - a +5 ring of evasion
Scrolls
 d - a scroll of immolation
 f - 2 scrolls of teleportation {unknown}
 g - a scroll of blinking {unknown}
Potions
 c - a potion of curing {unknown}
 h - a potion of heal wounds {unknown}


   Skills:
 + Level 3.4 Fighting
 + Level 3.5 Axes
 + Level 2.1 Armour
 + Level 2.3 Dodging


You had 2 spell levels left.
You didn't know any spells.
Your spell library was empty.

Dungeon Overview and Level Annotations

Branches:
Dungeon (1/15)

Altars:

Shops:
D:1 ?


Innate Abilities, Weirdness & Mutations

You regain HP and MP as you explore.


Message History

The kobold shouts!
The kobold hits you with a +2 dagger of venom.
You are poisoned.
A kobold is nearby!
A kobold is nearby!
You hit the kobold.
The kobold is severely wounded.
You feel sick. The kobold barely misses you.
The kobold hits you with a +2 dagger of venom.
You are more poisoned.
A kobold is nearby!
You closely miss the kobold.
The kobold is severely wounded.
You feel very sick.
The kobold hits you with a +2 dagger of venom.
You are lethally poisoned!
There is a lethal amount of poison in your body!
You closely miss the kobold.
The kobold is severely wounded.
You feel very sick. The kobold misses you.
There is a lethal amount of poison in your body!
You are too injured to fight recklessly!
There is a lethal amount of poison in your body!
There is a lethal amount of poison in your body!
You are too injured to fight recklessly!
There is a lethal amount of poison in your body!
You are too injured to fight recklessly!
You hit the kobold but do no damage.
The kobold is severely wounded.
* * * LOW HITPOINT WARNING * * *
You feel very sick. The kobold hits you but does no damage.
You are more poisoned.
You hit the kobold.
You kill the kobold!
Trog accepts your kill.
* * * LOW HITPOINT WARNING * * *
You feel very sick.
You die...

......>.###.......#
........'....[..#.#
........###........#
.....).## #.#.###..#
#.....## #.### ..#
##...## #.#### .#
##+## #.##.. # #.#
#.##.###.# #.#
#.....@..#
##.##########.#####
##........# #.#
#.........# #.#
##........####.#
##............#
###.).....######
....).....#
###.......#


There were no monsters in sight!

Vanquished Creatures
  2 bats (D:1)
  3 endoplasms (D:1)
  5 goblins (D:1)
  2 hobgoblins (D:1)
  6 jackals (D:1)
  4 kobolds (D:1)
  2 ball pythons (D:1)
  A frilled lizard (D:1)
25 creatures vanquished.

Notes
Turn   | Place    | Note
-------+----------+-------------------------------------------
     0 | D:1      | skwerlee the Human Berserker began the quest for the Orb.
     0 | D:1      | Reached XP level 1. HP: 18/18 MP: 1/1
   157 | D:1      | Reached XP level 2. HP: 18/24 MP: 2/2
   251 | D:1      | Found Sumigi Xedgh's Magic Scroll Shoppe.
   256 | D:1      | Bought a scroll of identify for 24 gold pieces
   820 | D:1      | Reached XP level 3. HP: 28/29 MP: 3/3
   987 | D:1      | Succumbed to a kobold's poison

Illustrated notes

Levels and vault maps discovered:
D:1:      dpeg_arrival_houses_and_road, layout_loops_corners, serial_shops,
          shop, minmay_distorted

Action                     || total
---------------------------++-------
  Melee: Hand axe          ||    78
    Use: Scroll            ||     1
 Armour: Animal skin       ||    44
  Dodge: Dodged            ||    53

Table legend: (Time is in decaauts)
 A = Elapsed time spent in this place.
 B = Non-inter-level travel time spent in this place.
 C = Inter-level travel time spent in this place.
 D = Time resting spent in this place.
 E = Time spent auto-exploring this place.
 F = Levels seen in this place.
 G = Mean time per level.
                   A        B        C        D        E       F      G
               +--------+--------+--------+--------+--------+-----+--------+
         Total |    997 |    997 |      0 |    315 |    518 |   1 |  997.0 |
       Dungeon |    997 |    997 |      0 |    315 |    518 |   1 |  997.0 |
               +--------+--------+--------+--------+--------+-----+--------+

Top non-repeatable levels by time:
     D:1: 997 daAuts
